 Dungeon Crawl Stone Soup version 0.31-a0-743-g45f7035092 (webtiles) character file.

Game seed: 18268933820419920354

61 pokeman the Magician (level 3, 0/20 HPs)
             Began as a Deep Elf Hedge Wizard on Sept 12, 2023.
             Killed from afar by Terence (8 damage)
             ... with a puff of flame
             ... on level 2 of the Dungeon.
             The game lasted 00:02:09 (1317 turns).

pokeman the Magician (Deep Elf Hedge Wizard)        Turns: 1317, Time: 00:02:09

Health: 0/20       AC:  3    Str:  7    XL:     3   Next: 83%
Magic:  6/11       EV: 12    Int: 20    God:
Gold:   91         SH:  0    Dex: 14    Spells: 4/12 levels left

rFire   . . .        a - +0 dagger
rCold   . . .        (no shield)
rNeg    . . .        b - +0 robe
rPois   .            c - +0 hat
rElec   .            (no cloak)
rCorr   .            g - +0 pair of gloves
SInv    .            (no boots)
Will    .....        (no amulet)
Stlth   ++           (no ring)
HPRegen 0.23/turn    (no ring)
MPRegen 0.12/turn

%: no passive effects
@: no status effects
A: no striking features
a: no special abilities


You were on level 2 of the Dungeon.
You visited 1 branch of the dungeon, and saw 2 of its levels.

You collected 91 gold pieces.

Inventory:

Hand Weapons
 a - a +0 dagger (weapon)
Armour
 b - a +0 robe (worn)
 c - a +0 hat (worn)
 g - a +0 pair of gloves (worn)
Scrolls
 f - a scroll of identify {unknown}
 h - a scroll of teleportation {unknown}
Potions
 d - a potion of magic
 e - a potion of degeneration {unknown}


   Skills:
 - Level 1.0 Fighting
 - Level 1.0 Armour
 + Level 2.4 Dodging
 + Level 2.4 Stealth
 * Level 5.4 Spellcasting
 + Level 2.0 Conjurations
 - Level 1.1 Summonings
 - Level 1.1 Translocations


You had 4 spell levels left.
You knew the following spells:

 Your Spells              Type           Power      Damage    Failure   Level
a - Magic Dart            Conj           52%        1d5       4%          1
b - Mephitic Cloud        Conj/Pois/Air  8%         N/A       26%         3
c - Call Imp              Summ           18%        N/A       11%         2
d - Blink                 Tloc           18%        N/A       11%         2

Your spell library contained the following spells:

 Spells                   Type           Power      Damage    Failure   Level
 Slow                     Hex            20%        N/A       11%         1
 Cigotuvi's Dreadful Rot  Necr/Pois/Air  10%        N/A       17%         2


Dungeon Overview and Level Annotations

Branches:
Dungeon (2/15)

Altars:

Annotations:
D:2 Terence


Message History

Press: ? - help, Shift-Dir - straight line, f/p - Natasha
Aim: Natasha (noxious fumes, confused, 100% to hit)
The magic dart hits Natasha.
Natasha is moderately wounded.
Natasha is engulfed in noxious fumes.
Natasha appears confused.
Natasha is engulfed in noxious fumes.
Natasha appears confused.
You hit Natasha but do no damage.
Natasha is moderately wounded.
Natasha is engulfed in noxious fumes.
You barely miss Natasha.
Natasha is moderately wounded.
You hit Natasha but do no damage.
Natasha is moderately wounded.
Natasha claws you.
Natasha claws herself!
Natasha is killed!
Natasha screams in fury as she dies!
Your Fighting skill increases to level 1!
Your Armour skill increases to level 1!
Your Conjurations skill increases to level 2!
Unknown command.
Terence the Incautious comes into view.
He is wielding a +0 short sword and carrying a wand of flame.
Casting: Magic Dart (safe; 4% risk of failure)
Confirm with . or Enter, or press ? or * to list all spells.
Aiming: Mephitic Cloud (extremely dangerous; 26% risk of failure)
Press: ? - help, Shift-Dir - straight line, f - Terence
Aim: Terence, wielding a +0 short sword, wearing a +0 ring mail and carrying a wand of flame (chance to affect: 91%)
The ball explodes into a vile cloud!
The stinking cloud engulfs Terence but does no damage.
Terence is engulfed in noxious fumes.
Terence appears confused.
Your magical contamination has completely faded away.
Unknown command.
You see here the felid corpse of Natasha.
You start resting.
HP restored.
You start resting.
Terence is nearby!
Terence zaps a wand.
The puff of flame hits you!
Ouch! That really hurt!
Terence zaps a wand.
The puff of flame hits you!
You die...

###########
#.......@.#######
####@#######.......#
#....# #######.#
#.#### ####.## #.#
#...... #.# #.##.#.
#.# ### #... #.####
... #.#. #..†.#
....##.#. ####.#
.(.......


You could see Terence.

Vanquished Creatures
  Natasha (D:2)
  An adder (D:2)
  A dart slug (D:1)
  3 endoplasms (D:1)
  6 goblins (D:1)
  5 hobgoblins (D:1)
  A kobold (D:1)
  A ball python (D:1)
  A bat (D:1)
  2 frilled lizards (D:1)
  3 rats (D:1)
25 creatures vanquished.

Notes
Turn   | Place    | Note
-------+----------+-------------------------------------------
     0 | D:1      | pokeman the Deep Elf Hedge Wizard began the quest for the
                  | Orb.
     0 | D:1      | Reached XP level 1. HP: 10/10 MP: 7/7
   158 | D:1      | Reached XP level 2. HP: 13/16 MP: 0/9
   635 | D:1      | Reached skill level 5 in Spellcasting
  1135 | D:2      | Reached XP level 3. HP: 20/20 MP: 3/11
  1139 | D:2      | Learned a level 3 spell: Mephitic Cloud
  1142 | D:2      | Learned a level 2 spell: Call Imp
  1145 | D:2      | Learned a level 2 spell: Blink
  1268 | D:2      | Noticed Natasha
  1275 | D:2      | Killed Natasha
  1276 | D:2      | Reached skill level 1 in Fighting
  1276 | D:2      | Reached skill level 1 in Armour
  1277 | D:2      | Noticed Terence
  1317 | D:2      | Killed from afar by Terence

Illustrated notes

Levels and vault maps discovered:
D:1:      mrwooster_arrival_statue_3, layout_loops_cross,
          nicolae_concentric_dashed_squares_mild
D:2:      layout_loops_cross, hangedman_decor_lopped, minmay_misc_feat_encased,
          grunt_ministairs_3, uniq_terence, uniq_natasha

Skill      XL: |  1  2  3 |
---------------+----------+-----
Spellcasting   | 5 |  5.4
Fighting       | 1 |  1.0
Armour         | 1 |  1.0
Conjurations   | 2 |  2.0
Dodging        | |  2.4
Stealth        | |  2.4
Summonings     | |  1.1
Translocations | |  1.1

Action                     || total
---------------------------++-------
  Melee: Dagger            ||     6
   Cast: Magic Dart        ||    60
         Mephitic Cloud    ||     2
 Armour: Robe              ||    12
  Dodge: Dodged            ||     6

Table legend: (Time is in decaauts)
 A = Elapsed time spent in this place.
 B = Non-inter-level travel time spent in this place.
 C = Inter-level travel time spent in this place.
 D = Time resting spent in this place.
 E = Time spent auto-exploring this place.
 F = Levels seen in this place.
 G = Mean time per level.
                   A        B        C        D        E       F      G
               +--------+--------+--------+--------+--------+-----+--------+
         Total |   1316 |   1307 |      9 |     13 |   1125 |   2 |  658.0 |
       Dungeon |   1316 |   1307 |      9 |     13 |   1125 |   2 |  658.0 |
               +--------+--------+--------+--------+--------+-----+--------+

Top non-repeatable levels by time:
     D:1: 1123 daAuts
     D:2: 193 daAuts
